[Event "Titled Tuesday Blitz November 15 Early 2022"]
[White "Kirillov, Dmitry"]
[Black "Skliarov, Viktor"]
[WhiteFideId "34180572"]
[BlackFideId "14106736"]
[WhiteElo "2095"]
[BlackElo "2284"]
[Result "1-0"]
[Round "07"]
[TimeControl "180+1"]
[Date "2022.11.16"]
[WhiteClock "0:00:18"]
[BlackClock "0:00:04"]

1. e4 c5 2. Nc3 Nc6 3. f4 g6 4. Nf3 Bg7 5. Bc4 e6 6. e5 d5 7. exd6 Qxd6 8. Ne4 Qe7 9. d3 Nf6 10. O-O O-O 11. Qe2 Na5 12. Bb3 Nxe4 13. Qxe4 Bd7 14. Ne5 Be8 15. Be3 Nxb3 16. axb3 f6 17. Nf3 Bc6 18. Qc4 b6 19. d4 Bd5 20. Qe2 cxd4 21. Nxd4 f5 22. c3 e5 23. fxe5 Qxe5 24. Qf2 Qf6 25. h4 Rfe8 26. Bg5 Qf7 27. Rfe1 Be4 28. b4 h6 29. Bf4 Kh7 30. Nb5 Re7 31. Re3 Qf6 32. Rae1 Rae8 33. Nd6 Rf8 34. Nxe4 fxe4 35. Rxe4 Rxe4 36. Rxe4 g5 37. hxg5 hxg5 38. Bg3 Qg6 39. Qe2 Qf5 40. Re7 b5 41. Be5 Rg8 42. Qh5# 1-0


[Site "https://www.chess.com"]

[Event "Titled Tuesday Blitz November 15 Early 2022"]
[White "Kiseljova, Marya"]
[Black "Petrova, Irina"]
[WhiteFideId "4155009"]
[BlackFideId "14124122"]
[WhiteElo "1907"]
[BlackElo "2023"]
[Result "0-1"]
[Round "07"]
[TimeControl "180+1"]
[Date "2022.11.16"]
[WhiteClock "0:00:01"]
[BlackClock "0:00:07"]

1. d4 d6 2. e4 Nf6 3. Nc3 e5 4. Nf3 Nbd7 5. Be2 Be7 6. O-O c6 7. Bg5 h6 8. Be3 Qc7 9. h3 g5 10. dxe5 dxe5 11. a4 Nf8 12. Bc4 Be6 13. Qe2 g4 14. Nh4 gxh3 15. g3 h2+ 16. Kxh2 Ng4+ 17. Kg2 Bxh4 18. Bxe6 Nxe3+ 19. fxe3 Nxe6 20. gxh4 Rg8+ 21. Kh2 Qe7 22. Qh5 O-O-O 23. Rxf7 Rd2+ 24. Kh1 Qc5 25. Qf5 Qxe3 26. Qxe6+ Kb8 27. Raf1 a6 28. Qxe5+ Ka7 29. R7f3 Qb6 30. a5 Qd8 31. Qc5+ Ka8 32. Qh5 Ka7 33. Qc5+ Ka8 34. Qh5 Qd4 35. Rf8+ Rxf8 36. Rxf8+ Ka7 37. Qf3 Rxc2 38. Rf7 Rxb2 0-1


[Site "https://www.chess.com"]

[Event "Titled Tuesday Blitz November 15 Early 2022"]
[White "Kleiman, Jake"]
[Black "Chernomordik, Pavel"]
[WhiteFideId "2020041"]
[BlackFideId "2804530"]
[WhiteElo "2600"]
[BlackElo "2192"]
[Result "1-0"]
[Round "07"]
[TimeControl "180+1"]
[Date "2022.11.16"]
[WhiteClock "0:00:22"]
[BlackClock "0:00:07"]

1. e4 g6 2. d4 Bg7 3. Nc3 d6 4. Nf3 a6 5. a4 b6 6. Be3 Bb7 7. Bd3 Nd7 8. O-O e6 9. Ne2 Ngf6 10. Ng3 O-O 11. h3 c5 12. c3 Qc7 13. Re1 Rfd8 14. Rc1 Bc6 15. b3 Qb7 16. Bf4 Ne8 17. Bg5 f6 18. Be3 Nf8 19. Qe2 b5 20. axb5 axb5 21. dxc5 dxc5 22. Bxc5 e5 23. c4 Nc7 24. cxb5 Nxb5 25. Bxf8 Bxf8 26. Rxc6 Rxd3 27. Rxf6 Rad8 28. Nxe5 Nc3 29. Qxd3 Rxd3 30. Nxd3 Qxb3 31. Rf3 Qb6 32. Nf4 Bb4 33. e5 g5 34. Nfh5 Nd5 35. Rd1 Nf4 36. Nxf4 gxf4 37. Rxf4 Be7 38. Nf5 Bf8 39. Ne3 Qb3 40. Rd8 1-0


[Site "https://www.chess.com"]

[Event "Titled Tuesday Blitz November 15 Early 2022"]
[White "Kobo, Ori"]
[Black "Oro, Faustino"]
[WhiteFideId "2812320"]
[BlackFideId "20000197"]
[WhiteElo "2447"]
[BlackElo "2066"]
[Result "0-1"]
[Round "07"]
[TimeControl "180+1"]
[Date "2022.11.16"]
[WhiteClock "0:00:07"]
[BlackClock "0:00:15"]

1. e4 e5 2. a3 Nf6 3. Nc3 Nc6 4. d3 d6 5. f4 Be7 6. Nf3 O-O 7. Be2 Bg4 8. O-O Bxf3 9. Bxf3 Nd4 10. Be3 Nd7 11. Nd5 c6 12. Nxe7+ Qxe7 13. Bxd4 exd4 14. Bg4 Nf6 15. Bh3 g6 16. Qf3 Rae8 17. Rae1 Qc7 18. g4 Nd7 19. g5 f6 20. gxf6 Rxf6 21. Qg3 Ref8 22. Bg4 Qd8 23. Kg2 Kh8 24. Rf3 Qe7 25. e5 dxe5 26. fxe5 Rxf3 27. Bxf3 Rf5 28. h4 Rxe5 29. Rf1 Nf6 30. Qf4 c5 31. b4 b6 32. bxc5 bxc5 33. Rb1 Nd5 34. Qh6 Ne3+ 35. Kf2 Qe8 36. Rb7 Re7 37. Rxe7 Qxe7 38. c3 Nf5 39. Qf4 Qxh4+ 40. Qxh4 Nxh4 41. cxd4 Nxf3 42. Kxf3 cxd4 43. Ke4 Kg7 44. Kxd4 Kf6 45. Kd5 h5 46. Kd6 h4 47. d4 h3 48. d5 h2 49. Kc7 h1=Q 50. d6 Qc1+ 0-1


[Site "https://www.chess.com"]

[Event "Titled Tuesday Blitz November 15 Early 2022"]
[White "Kopylov, Alexander A."]
[Black "Demin, Vladimir"]
[WhiteFideId "4164857"]
[BlackFideId "4167457"]
[WhiteElo "2436"]
[BlackElo "2570"]
[Result "1-0"]
[Round "07"]
[TimeControl "180+1"]
[Date "2022.11.16"]
[WhiteClock "0:00:12"]
[BlackClock "0:00:06"]

1. e4 Nf6 2. e5 Nd5 3. Nf3 d6 4. d4 g6 5. exd6 cxd6 6. c4 Nb6 7. Nc3 Bg7 8. Be3 O-O 9. Rc1 Nc6 10. Be2 Bf5 11. O-O d5 12. b3 e6 13. c5 Nc8 14. h3 N8e7 15. a3 Be4 16. Nxe4 dxe4 17. Ng5 Nxd4 18. Nxe4 Nxe2+ 19. Qxe2 Nd5 20. Bg5 Qa5 21. a4 h6 22. Bd2 Qc7 23. b4 a6 24. b5 axb5 25. axb5 Ra2 26. Qc4 Rfa8 27. Rfe1 R8a4 28. Qb3 R2a3 29. Qb1 Bd4 30. c6 b6 31. Bxh6 Rb4 32. Qc2 Rxb5 33. Qc4 Rb4 34. Qe2 Rb2 35. Rc2 Raa2 36. Rec1 Qxc6 37. Rxb2 Rxb2 38. Qd3 Qb5 39. Qxd4 Rb1 40. Qg7# 1-0


[Site "https://www.chess.com"]

[Event "Titled Tuesday Blitz November 15 Early 2022"]
[White "Korchmar, Vasiliy"]
[Black "Pajeken, Jakob Leon"]
[WhiteFideId "24131750"]
[BlackFideId "12942839"]
[WhiteElo "2370"]
[BlackElo "2429"]
[Result "0-1"]
[Round "07"]
[TimeControl "180+1"]
[Date "2022.11.16"]
[WhiteClock "0:00:07"]
[BlackClock "0:00:44"]

1. e4 e5 2. Nf3 Nc6 3. Bc4 Bc5 4. c3 Nf6 5. d3 a6 6. Bg5 h6 7. Bh4 Be7 8. Nbd2 d6 9. O-O Bg4 10. h3 Bh5 11. Re1 Qd7 12. b4 O-O 13. a4 Rae8 14. Nf1 Nxe4 15. Bxe7 Nxc3 16. Qc2 Rxe7 17. Qxc3 Bxf3 18. gxf3 Qxh3 19. d4 exd4 20. Qb3 Ne5 21. Ng3 d3 22. Re3 Rfe8 23. Bxd3 Ng4 24. fxg4 Rxe3 25. Qd5 Rxg3+ 26. fxg3 Qxg3+ 27. Kh1 Qh3+ 28. Kg1 Qxg4+ 29. Kh1 Re5 30. Qg2 Rh5+ 31. Kg1 Qd4+ 0-1


[Site "https://www.chess.com"]

[Event "Titled Tuesday Blitz November 15 Early 2022"]
[White "Korelskiy, Egor"]
[Black "Todorovic, Bojan"]
[WhiteFideId "34329064"]
[BlackFideId "917087"]
[WhiteElo "2043"]
[BlackElo "2266"]
[Result "1/2-1/2"]
[Round "07"]
[TimeControl "180+1"]
[Date "2022.11.16"]
[WhiteClock "0:00:33"]
[BlackClock "0:00:41"]

1. e4 c5 2. Nf3 Nc6 3. Bb5 g6 4. O-O Bg7 5. c3 Nf6 6. Re1 O-O 7. h3 a6 8. Ba4 b5 9. Bc2 Bb7 10. e5 Nd5 11. d4 cxd4 12. cxd4 d6 13. exd6 Qxd6 14. Nc3 Nxc3 15. bxc3 b4 16. Bb2 bxc3 17. Bxc3 Nb4 18. Bxb4 Qxb4 19. Rb1 Bxf3 20. Rxb4 Bxd1 21. Rxd1 Rfd8 22. d5 Rd6 23. Bb3 h5 24. Rb7 Bf6 25. Rc1 Rad8 26. Rbc7 Kg7 27. Kf1 h4 28. Ra7 R8d7 29. Rxd7 Rxd7 30. Rc6 Rd6 31. Rc8 Bd4 32. Ke2 Bb6 33. f3 Bd4 34. Kd3 Be5 35. Ke4 Bg3 36. Re8 Kf6 37. f4 Rb6 38. Rc8 Rb4+ 39. Bc4 Rb2 40. Rc6+ Kg7 41. Rc7 Kf6 42. Rc6+ Kg7 43. Rc7 Kf8 44. d6 exd6 45. Rxf7+ Ke8 46. Rf6 Ke7 47. Rxg6 Rxg2 48. f5 Rf2 49. f6+ Rxf6 50. Rg7+ Kd8 51. Bxa6 d5+ 52. Kxd5 Rxa6 53. Rg8+ Ke7 54. Rg7+ Kf8 55. Rg4 Rxa2 56. Ke6 Rf2 57. Rg5 Rf4 58. Rf5+ Rxf5 59. Kxf5 Kg7 60. Kg4 Kf6 61. Kf3 Kf5 62. Kg2 Kf4 63. Kg1 Kf3 64. Kh1 Kf2 1/2-1/2


[Site "https://www.chess.com"]

[Event "Titled Tuesday Blitz November 15 Early 2022"]
[White "Koridze, Lile"]
[Black "Hartikainen, Jarmo"]
[WhiteFideId "13612514"]
[BlackFideId "503134"]
[WhiteElo "2050"]
[BlackElo "2177"]
[Result "0-1"]
[Round "07"]
[TimeControl "180+1"]
[Date "2022.11.16"]
[WhiteClock "0:00:24"]
[BlackClock "0:00:47"]

1. d4 Nf6 2. c4 g6 3. Nc3 d5 4. Nf3 Bg7 5. Bg5 Ne4 6. cxd5 Nxg5 7. Nxg5 e6 8. Nf3 exd5 9. Qd2 O-O 10. e3 b6 11. Bd3 Bb7 12. O-O Nd7 13. Rac1 c5 14. dxc5 bxc5 15. Bb1 Nb6 16. Qe2 Re8 17. Qb5 Rc8 18. Rfd1 Qc7 19. Nxd5 Bxd5 20. b4 c4 21. Rxd5 Nxd5 22. Qxd5 Red8 23. Qb5 c3 24. g3 Qb6 25. Qa4 Qc6 26. Qxc6 Rxc6 27. Bc2 Rb8 28. Bb3 Rxb4 29. Ng5 Rc7 30. Kg2 a5 31. Rd1 c2 32. Rc1 a4 33. Rxc2 axb3 34. Rxc7 b2 0-1


[Site "https://www.chess.com"]

[Event "Titled Tuesday Blitz November 15 Early 2022"]
[White "Kouskoutis, Georgios-Alexandros"]
[Black "Quintiliano Pinto, Renato R."]
[WhiteFideId "4234049"]
[BlackFideId "2117568"]
[WhiteElo "2187"]
[BlackElo "2472"]
[Result "1/2-1/2"]
[Round "07"]
[TimeControl "180+1"]
[Date "2022.11.16"]
[WhiteClock "0:00:04"]
[BlackClock "0:01:05"]

1. Nf3 Nf6 2. g3 c5 3. Bg2 Nc6 4. O-O d5 5. d4 cxd4 6. Nxd4 e5 7. Nxc6 bxc6 8. c4 Be6 9. Qa4 Qd7 10. cxd5 cxd5 11. Qxd7+ Kxd7 12. Rd1 Bc5 13. Nc3 Rac8 14. Nxd5 Nxd5 15. Bxd5 Bxd5 16. Rxd5+ Ke6 17. Rd1 Rhd8 18. Bd2 Bd4 19. Ba5 Rd5 20. Bc3 Bxc3 21. Rxd5 Kxd5 22. Rc1 Rb8 23. Rxc3 Rxb2 24. Rc7 Rxa2 25. Rxf7 a5 26. Rxg7 h5 27. e3 a4 28. Ra7 Ke4 29. Kg2 a3 30. h3 Kf5 31. Ra4 Ra1 32. g4+ hxg4 33. hxg4+ Kg5 34. Kf3 a2 35. Ra5 Kh4 36. Ke4 Kxg4 37. Kxe5 Kf3 38. Kf6 Kxf2 39. e4 Ke3 40. e5 Rf1+ 41. Kg7 a1=Q 42. Rxa1 Rxa1 43. e6 Ra7+ 44. Kf8 Ke4 45. e7 Rxe7 46. Kxe7 1/2-1/2


[Site "https://www.chess.com"]

[Event "Titled Tuesday Blitz November 15 Early 2022"]
[White "Kovalev, Vladislav"]
[Black "Janaszak, Dawid"]
[WhiteFideId "13504398"]
[BlackFideId "1119206"]
[WhiteElo "2556"]
[BlackElo "2226"]
[Result "1-0"]
[Round "07"]
[TimeControl "180+1"]
[Date "2022.11.15"]
[WhiteClock "0:00:12"]
[BlackClock "0:00:09"]

1. e4 c5 2. Be2 Nc6 3. d3 e5 4. f4 d5 5. exd5 Qxd5 6. Bf3 Qd6 7. Ne2 Nf6 8. O-O Be7 9. Na3 Bg4 10. Nc4 Qe6 11. Bxc6+ bxc6 12. fxe5 Nd5 13. Qe1 O-O 14. Nf4 Qd7 15. h3 Bf5 16. Bd2 Rab8 17. Qg3 Kh8 18. Rae1 Nxf4 19. Bxf4 Be6 20. b3 Rg8 21. Bg5 Bf8 22. Nd6 h6 23. Be3 g5 24. Bxc5 g4 25. h4 Be7 26. Rf4 Rg6 27. d4 Rf8 28. c4 Qd8 29. Nb7 Bxh4 30. Nxd8 Bxg3 31. Nxe6 Rxe6 32. Rxg4 Bxe1 33. Bxf8 h5 34. Rg5 c5 35. Rxh5+ Kg8 36. Bxc5 Rg6 37. Kf1 Bc3 38. Rf5 Rg3 39. Rf3 1-0


[Site "https://www.chess.com"]

[Event "Titled Tuesday Blitz November 15 Early 2022"]
[White "Kula, Robert"]
[Black "Kryakvin, Dmitry"]
[WhiteFideId "1101218"]
[BlackFideId "4153278"]
[WhiteElo "2184"]
[BlackElo "2414"]
[Result "0-1"]
[Round "07"]
[TimeControl "180+1"]
[Date "2022.11.16"]
[WhiteClock "0:00:01"]
[BlackClock "0:00:09"]

1. d4 Nf6 2. c4 e6 3. Nc3 Bb4 4. Nf3 b6 5. e3 Bb7 6. Bd3 Ne4 7. Qc2 f5 8. O-O Bxc3 9. bxc3 d6 10. a4 Nd7 11. a5 Rb8 12. axb6 axb6 13. Nd2 Ndf6 14. f3 Nxd2 15. Bxd2 O-O 16. Rfb1 Qe7 17. Be1 Nd7 18. Ra7 g6 19. Bd2 e5 20. Qa2 e4 21. fxe4 Bxe4 22. Bxe4 Qxe4 23. Rxc7 Nf6 24. c5+ Kh8 25. cxb6 Nd5 26. Re1 Nxc7 27. bxc7 Rbc8 28. Qa5 Rf7 29. c4 Rfxc7 30. c5 dxc5 31. Bc3 Kg8 32. dxc5 Rxc5 33. Qa2+ Qd5 34. Qxd5+ Rxd5 35. Bd4 f4 36. Kf2 Rf8 37. Ke2 Re8 38. Kd3 fxe3 39. Rxe3 Rxe3+ 40. Kxe3 Kf7 41. h3 Ke6 42. Bc3 Rb5 43. Bg7 Kf5 44. Kf3 Rb3+ 45. Kf2 Kf4 46. Bh6+ g5 47. h4 Rb2+ 48. Kf1 Kg3 49. Bxg5 Rf2+ 50. Ke1 Rxg2 51. Kf1 h5 52. Ke1 Ra2 53. Kf1 Rf2+ 54. Ke1 Kf3 55. Bf6 Ra2 56. Bg5 Re2+ 57. Kf1 Re4 58. Kg1 Ke2 59. Kg2 Rg4+ 60. Kh3 Kf3 61. Bd8 Rg1 62. Kh2 Rd1 63. Bg5 Rd5 64. Bf6 Rd2+ 65. Kh3 Rd3 66. Bg5 Rb3 67. Bf6 Kf2+ 68. Kh2 Rg3 69. Bd4+ Kf3 70. Bf6 Rg2+ 71. Kh3 Rg1 72. Kh2 Rd1 73. Bg5 Rb1 74. Bf6 Kg4 75. Bg5 Rb2+ 76. Kg1 Kf3 77. Bf6 Rg2+ 0-1


[Site "https://www.chess.com"]

[Event "Titled Tuesday Blitz November 15 Early 2022"]
[White "Kuznetsov, Mikhail"]
[Black "Buksa, Nataliya"]
[WhiteFideId "4117190"]
[BlackFideId "14123622"]
[WhiteElo "1981"]
[BlackElo "2313"]
[Result "0-1"]
[Round "07"]
[TimeControl "180+1"]
[Date "2022.11.16"]
[WhiteClock "0:00:03"]
[BlackClock "0:00:08"]

1. Nf3 d5 2. g3 e6 3. Bg2 Nf6 4. O-O Be7 5. d4 O-O 6. c4 dxc4 7. Qa4 c6 8. Qxc4 b5 9. Qc2 Bb7 10. Nc3 Nbd7 11. Rd1 Qb6 12. a4 a6 13. e4 h6 14. Be3 Ng4 15. Bf4 Ngf6 16. a5 Qa7 17. Be3 Ng4 18. Bf4 Ngf6 19. Rac1 Rac8 20. h3 c5 21. d5 exd5 22. Nxd5 Nxd5 23. exd5 Rfe8 24. Re1 Bf6 25. Rxe8+ Rxe8 26. Rd1 Qa8 27. Nh2 Be5 28. Qf5 Bxf4 29. Qxf4 Qd8 30. Ng4 Nf8 31. Ne3 Ng6 32. Qf5 Qd6 33. Qg4 Ne7 34. Re1 Rd8 35. Qh5 Bc8 36. Qh4 Nf5 37. Nxf5 Bxf5 38. Qe7 c4 39. Re3 b4 40. Qxd6 Rxd6 41. Re8+ Kh7 42. Re5 c3 43. bxc3 bxc3 44. Re3 c2 45. Rc3 Kg8 46. g4 Be6 47. Rxc2 Bxd5 48. Rd2 Re6 49. Bxd5 Re1+ 50. Kg2 Ra1 51. Ra2 Rd1 52. Bc4 Rd6 53. Rb2 Rc6 54. Be2 g5 55. Bf1 Rc5 56. Rb6 Rxa5 57. Rxa6 Re5 58. Ra4 Kg7 59. Bd3 Re7 60. Bf5 Rc7 61. Re4 Rb7 62. Re3 Ra7 63. Kf3 Rb7 64. Rd3 Ra7 65. Ke4 Kf6 66. Rd6+ Kg7 67. Rd7 Ra4+ 68. Kf3 Rf4+ 69. Kg3 Kf6 70. Bd3 Kg7 71. Bc2 Rc4 72. Bb3 Rc3+ 73. f3 Rxb3 74. Rd6 Rb4 75. Rd5 Rb6 76. Rf5 Kg6 77. Kf2 Rc6 78. Kg3 h5 0-1


[Site "https://www.chess.com"]

[Event "Titled Tuesday Blitz November 15 Early 2022"]
[White "Langner, Ladislav"]
[Black "Raahul V S"]
[WhiteFideId "300403"]
[BlackFideId "25035525"]
[WhiteElo "2346"]
[BlackElo "2233"]
[Result "0-1"]
[Round "07"]
[TimeControl "180+1"]
[Date "2022.11.16"]
[WhiteClock "0:00:02"]
[BlackClock "0:00:38"]

1. e4 e6 2. d4 d5 3. e5 c5 4. c3 Nc6 5. Nf3 Qb6 6. a3 a5 7. b3 Bd7 8. Bb2 c4 9. b4 axb4 10. axb4 Rxa1 11. Bxa1 Qa6 12. Nbd2 Bxb4 13. cxb4 Nxb4 14. Bc3 Na2 15. Qa1 b5 16. Be2 b4 17. Bb2 Ne7 18. O-O Qa4 19. Bd1 Qa6 20. Bc2 O-O 21. Bb1 Ra8 22. Bxa2 Qxa2 23. Rc1 h6 24. Ne1 c3 25. Bxc3 bxc3 26. Qxc3 Rc8 27. Qa1 Qxd2 0-1


[Site "https://www.chess.com"]

[Event "Titled Tuesday Blitz November 15 Early 2022"]
[White "Lehtosaari, Mauri"]
[Black "Pg, Mohd Omar Ak Hira"]
[WhiteFideId "501999"]
[BlackFideId "10500103"]
[WhiteElo "2489"]
[BlackElo "2184"]
[Result "1-0"]
[Round "07"]
[TimeControl "180+1"]
[Date "2022.11.16"]
[WhiteClock "0:01:05"]
[BlackClock "0:01:37"]

1. d4 Nf6 2. Nf3 g6 3. Bg5 Bg7 4. Nbd2 d5 5. e3 O-O 6. Be2 Nbd7 7. O-O c5 8. c3 b6 9. b4 Bb7 10. a4 Re8 11. a5 c4 12. h3 e5 13. dxe5 Nxe5 14. a6 Bc6 15. Nd4 Bd7 16. N2f3 Qc7 17. Bf4 Nh5 18. Nxe5 Nxf4 19. exf4 Bxe5 20. fxe5 Qxe5 21. Bg4 f5 22. Bf3 h5 23. Qd2 f4 24. Rfe1 Qg5 25. Kh2 Qf6 26. Rxe8+ Rxe8 27. Bxd5+ Kh7 28. Re1 Rf8 29. Qe2 Kh6 30. Qe7 1-0


[Site "https://www.chess.com"]

[Event "Titled Tuesday Blitz November 15 Early 2022"]
[White "Leve, Nitai"]
[Black "Stijve, Theo"]
[WhiteFideId "2006898"]
[BlackFideId "1331132"]
[WhiteElo "2144"]
[BlackElo "2256"]
[Result "1-0"]
[Round "07"]
[TimeControl "180+1"]
[Date "2022.11.16"]
[WhiteClock "0:00:05"]
[BlackClock "0:00:09"]

1. e4 e5 2. Nf3 Nc6 3. d4 exd4 4. c3 Nge7 5. cxd4 d5 6. exd5 Nxd5 7. Nc3 Be7 8. Bd3 O-O 9. h3 Bf6 10. O-O Re8 11. a3 g6 12. Bh6 Nxd4 13. Nxd4 Bxd4 14. Qb3 Be6 15. Qxb7 Nxc3 16. bxc3 Bxf2+ 17. Rxf2 Qxd3 18. Qb4 Rab8 19. Qf4 Qxc3 20. Rc1 Qh8 21. Rxc7 Rf8 22. Bxf8 Rxf8 23. Rxa7 Qa1+ 24. Kh2 Qc3 25. a4 Qc5 26. Rc7 Qb6 27. Rc3 Qa5 28. Qd4 Ra8 29. Ra3 Rb8 30. Rc2 h5 31. Rc5 Qb6 32. a5 Qa7 33. Rc8+ Rxc8 34. Qxa7 Rc2 35. Qa8+ Kg7 36. a6 Rd2 37. a7 Bd5 38. Qxd5 Rxd5 39. a8=Q Rd7 40. Qe4 Re7 41. Qxe7 1-0


[Site "https://www.chess.com"]

[Event "Titled Tuesday Blitz November 15 Early 2022"]
[White "Madaminov, Mukhiddin"]
[Black "Indjic, Aleksandar"]
[WhiteFideId "14210703"]
[BlackFideId "911925"]
[WhiteElo "2341"]
[BlackElo "2592"]
[Result "1/2-1/2"]
[Round "07"]
[TimeControl "180+1"]
[Date "2022.11.15"]
[WhiteClock "0:00:15"]
[BlackClock "0:01:34"]

1. d4 Nf6 2. Nc3 d5 3. Bf4 a6 4. e3 b5 5. Bd3 Bb7 6. Nf3 e6 7. Ne2 Nbd7 8. O-O c5 9. c3 Be7 10. Ng3 Ne4 11. h4 Bxh4 12. Nxh4 Qxh4 13. Bxe4 dxe4 14. dxc5 Nxc5 15. Qd4 Nd3 16. Nxe4 Nxf4 17. Nd6+ Ke7 18. exf4 Rhd8 19. Rad1 Bxg2 20. Kxg2 Qg4+ 21. Kh2 Qh4+ 22. Kg2 Qg4+ 23. Kh2 Qh4+ 24. Kg1 Qg4+ 25. Kh2 1/2-1/2


[Site "https://www.chess.com"]

[Event "Titled Tuesday Blitz November 15 Early 2022"]
[White "Maksimovic, Bojan"]
[Black "Kaidanov, Gregory"]
[WhiteFideId "14408120"]
[BlackFideId "2008564"]
[WhiteElo "2447"]
[BlackElo "2641"]
[Result "1-0"]
[Round "07"]
[TimeControl "180+1"]
[Date "2022.11.16"]
[WhiteClock "0:00:02"]
[BlackClock "0:00:02"]

1. e4 e5 2. Nf3 Nc6 3. Bc4 Nf6 4. d4 exd4 5. e5 d5 6. Bb5 Ne4 7. Nxd4 Bc5 8. Be3 O-O 9. Nxc6 bxc6 10. Bxc5 Nxc5 11. Bxc6 Rb8 12. Qxd5 Qe7 13. O-O Rxb2 14. Nc3 Ne6 15. Ba4 Qb4 16. Qd2 Rd8 17. Qe3 Nf4 18. Rfd1 Rf8 19. Rd2 Bb7 20. a3 Qa5 21. Qxf4 Qxc3 22. Rad1 Qxa3 23. Bb3 Bc6 24. Rd8 Qe7 25. Qd4 Rxd8 26. Qxd8+ Qe8 27. Qd4 Rxb3 28. cxb3 Qe6 29. h3 h6 30. Qxa7 Qxe5 31. Qb8+ Kh7 32. Qb4 Qe2 33. Qd4 Qh5 34. Qd3+ f5 35. Rc1 Be4 36. Qe3 Qg6 37. f3 Bd5 38. Rxc7 Qd6 39. Rc1 Qb4 40. Rc3 Bf7 41. Qc5 Qb8 42. b4 Bg6 43. b5 Qf4 44. b6 Qg3 45. Qf2 Qe5 46. Rc1 Qb5 47. Re1 f4 48. Qd4 Qa5 49. Re7 Qe1+ 50. Rxe1 1-0


[Site "https://www.chess.com"]

[Event "Titled Tuesday Blitz November 15 Early 2022"]
[White "Manon-og, Ramon Jr."]
[Black "Potapova, Margarita"]
[WhiteFideId "5200776"]
[BlackFideId "14126869"]
[WhiteElo "2306"]
[BlackElo "2272"]
[Result "0-1"]
[Round "07"]
[TimeControl "180+1"]
[Date "2022.11.16"]
[WhiteClock "0:00:03"]
[BlackClock "0:00:27"]

1. e4 e5 2. Nf3 Nc6 3. Bc4 Nf6 4. Ng5 d5 5. exd5 Na5 6. Bb5+ c6 7. dxc6 bxc6 8. Bd3 Nd5 9. Nf3 Bd6 10. O-O O-O 11. Re1 Re8 12. Nc3 Nf4 13. Bf1 c5 14. d3 Ng6 15. Ne4 Bf8 16. Bg5 Qc7 17. Qd2 Bb7 18. a3 h6 19. b4 cxb4 20. axb4 Nc6 21. b5 Nd4 22. Nxd4 exd4 23. b6 axb6 24. Rxa8 Rxa8 25. Bxh6 Bxe4 26. Bxg7 Bxg7 27. dxe4 Rc8 28. Bd3 Qf4 29. Qb4 Qc7 30. g3 Ne5 31. Kg2 Qc3 32. Qb1 b5 33. Rd1 b4 34. Qa2 Nxd3 35. cxd3 Qc2 36. Qa6 b3 37. Rd2 Qc3 38. Rd1 b2 39. Rb1 Rb8 40. Qa7 Qb3 41. h4 Rb7 42. Qa8+ Kh7 43. Qc8 Qb5 44. g4 Ra7 45. h5 Ra1 46. Rxb2 Qxb2 47. Qf5+ Kg8 48. g5 Qb1 49. Qc8+ Bf8 50. Kf3 Qd1+ 51. Kg3 Qxh5 52. Qf5 Rg1+ 53. Kf4 Qh4+ 54. Ke5 Rxg5 55. Kd5 Rxf5+ 56. exf5 Qf4 0-1


[Site "https://www.chess.com"]

[Event "Titled Tuesday Blitz November 15 Early 2022"]
[White "Manukyan, Sargis A."]
[Black "Atakhan, Abtin"]
[WhiteFideId "13303970"]
[BlackFideId "22502203"]
[WhiteElo "2187"]
[BlackElo "2298"]
[Result "0-1"]
[Round "07"]
[TimeControl "180+1"]
[Date "2022.11.16"]
[WhiteClock "0:00:01"]
[BlackClock "0:00:04"]

1. d4 Nf6 2. c4 e6 3. Nc3 Bb4 4. e3 O-O 5. Nf3 b6 6. Bd2 Bb7 7. Bd3 c5 8. a3 Bxc3 9. Bxc3 Ne4 10. Bxe4 Bxe4 11. d5 d6 12. h4 Bxf3 13. Qxf3 e5 14. g4 Nd7 15. g5 f5 16. Qh3 Qe7 17. O-O-O a6 18. f4 b5 19. e4 fxe4 20. Qe6+ Qxe6 21. dxe6 Nb6 22. fxe5 dxe5 23. cxb5 axb5 24. Rhe1 Ra4 25. Rd6 Nc4 26. Rd7 Re8 27. Rf1 Rf8 28. Rxf8+ Kxf8 29. Rf7+ Kg8 30. Rb7 Ra8 31. Rxb5 e3 32. Kd1 Kf8 33. Ke2 Ke7 34. Rxc5 Nd6 35. Rxe5 g6 36. Rxe3 Nf5 37. Re4 Ng3+ 38. Ke3 Nxe4 39. Kxe4 Kxe6 40. Kd4 Rf8 41. Kc5 Rf4 42. b4 Rxh4 43. b5 Rh3 44. Bb4 Kd7 45. Kb6 Rg3 46. a4 Rg4 47. Kc5 Rxg5+ 48. Kb6 Rg4 0-1


[Site "https://www.chess.com"]

[Event "Titled Tuesday Blitz November 15 Early 2022"]
[White "Marchesich, Giovanni"]
[Black "Sarkar, Justin"]
[WhiteFideId "2824790"]
[BlackFideId "2010011"]
[WhiteElo "2200"]
[BlackElo "2239"]
[Result "0-1"]
[Round "07"]
[TimeControl "180+1"]
[Date "2022.11.16"]
[WhiteClock "0:01:39"]
[BlackClock "0:00:07"]

1. d4 Nf6 2. Nf3 d5 3. Bf4 c5 4. e3 Nc6 5. Nbd2 cxd4 6. exd4 g6 7. Bb5 Bg7 8. Ne5 Qb6 9. Bxc6+ bxc6 10. Nb3 a5 11. a4 Ba6 12. h3 O-O 13. Nd3 Ne4 14. Be3 Nd6 15. O-O Nc4 16. Bd2 Nxd2 17. Qxd2 Bxd4 18. Rfe1 Bxd3 19. Qxd3 Bxf2+ 20. Kh1 Bxe1 21. Rxe1 e6 22. Qd2 c5 23. Qh6 c4 24. Nd2 Qxb2 25. Nf3 Qg7 26. Qh4 Rab8 27. Re5 Rb1+ 28. Kh2 Rfb8 29. Qf4 R8b7 30. Nd4 R1b6 31. Nb5 Rxb5 32. axb5 Rxb5 33. Re3 a4 34. Qc7 Qf8 35. Qa7 Qb8+ 36. Qxb8+ Rxb8 37. Ra3 Ra8 38. c3 Kf8 39. Kg3 Ke7 40. Kf4 f6 41. Ke3 Kd6 42. Kd4 e5+ 43. Ke3 Kc5 44. g4 d4+ 45. cxd4+ exd4+ 46. Ke4 c3 47. Kd3 Kd5 48. h4 Kc5 49. h5 gxh5 50. gxh5 h6 51. Ra1 a3 52. Rf1 a2 53. Rf5+ Kb4 54. Rxf6 a1=Q 55. Rb6+ Kc5 0-1


[Site "https://www.chess.com"]

[Event "Titled Tuesday Blitz November 15 Early 2022"]
[White "Martinez Alcantara, Jose Eduardo"]
[Black "Nakamura, Hikaru"]
[WhiteFideId "3805662"]
[BlackFideId "2016192"]
[WhiteElo "2705"]
[BlackElo "2909"]
[Result "1-0"]
[Round "07"]
[TimeControl "180+1"]
[Date "2022.11.15"]
[WhiteClock "0:00:12"]
[BlackClock "0:00:12"]

1. e4 g6 2. d4 Bg7 3. c3 d6 4. Nf3 Nf6 5. Bd3 Nc6 6. h3 e5 7. O-O O-O 8. Re1 Re8 9. Bc2 Bd7 10. Bg5 h6 11. Bh4 exd4 12. cxd4 g5 13. Bg3 Nh5 14. Bh2 g4 15. hxg4 Bxg4 16. Ba4 Nxd4 17. Bxe8 Bxf3 18. gxf3 Qxe8 19. Kh1 Qe6 20. Rg1 c5 21. Nd2 Kh8 22. f4 Nf6 23. f3 Qh3 24. Qf1 Qh5 25. Rg3 Nd7 26. Qg2 Ne6 27. Rh3 Qg6 28. f5 Qxg2+ 29. Kxg2 Ng5 30. Rh4 d5 31. e5 c4 32. f4 Nh7 33. f6 Bf8 34. Nf3 Nc5 35. Rd1 Nd3 36. Ne1 Nxe1+ 37. Rxe1 d4 38. f5 Rd8 39. Bf4 d3 40. Bxh6 d2 41. Rd1 Bxh6 42. Rxh6 b5 43. Rdh1 1-0


[Site "https://www.chess.com"]

[Event "Titled Tuesday Blitz November 15 Early 2022"]
[White "Matveeva, Olga"]
[Black "Marcolino, Daniel Mattos"]
[WhiteFideId "24107018"]
[BlackFideId "2106841"]
[WhiteElo "2055"]
[BlackElo "2119"]
[Result "1-0"]
[Round "07"]
[TimeControl "180+1"]
[Date "2022.11.16"]
[WhiteClock "0:00:25"]
[BlackClock "0:00:15"]

1. d4 Nf6 2. c4 e6 3. g3 d5 4. Nf3 dxc4 5. Bg2 a6 6. Ne5 Nbd7 7. Nxc4 Be7 8. O-O O-O 9. Nc3 c5 10. Bg5 cxd4 11. Qxd4 h6 12. Bxf6 Bxf6 13. Qd2 Rb8 14. Rfd1 Qe7 15. Qd6 b5 16. Na5 Qxd6 17. Rxd6 Ne5 18. Rad1 Nc4 19. Nc6 Rb6 20. Ne4 Nxd6 21. Rxd6 Bxb2 22. Ne7+ Kh8 23. Rxb6 Rd8 24. Nd6 Bd4 25. Nxf7+ Kh7 26. Nxd8 Bxb6 27. Nxc8 1-0


[Site "https://www.chess.com"]